Map: 어스름 탑

Players

llllllllllll (Scarlett)

  • Race: Zerg Zerg
  • League: Grandmaster

IllllllllllI - Winner!

  • Race: Terran Terran
  • League: Grandmaster

VOD

Have the link to the VOD?

Description

Time

  • Played on: April 14, 2016, 5:26 a.m.
  • Length: 15:29
Show
View Real Time Build Order
Export as new Build Order

llllllllllll Zerg 

Build Orders: Hatch First 

Get SALT Encoding   

  12  0:00  Drone  
  13  0:09  Drone  
  14  0:17  Overlord  
  14  0:23  Extractor  
  14  0:24  Drone  
  15  0:36  Drone x2  
  17  0:53  Hatchery  
  16  0:57  Drone  
  16  1:00  Drone  
  18  1:12  Spawning Pool  
  18  1:15  Drone  
  18  1:18  Extractor  
  17  1:20  Drone  
  18  1:26  Drone  
  19  1:43  Overlord  
  19  1:59  Queen  
  19  2:01  Zergling x4  
  23  2:04  Queen  
  23  2:05  Drone  
  26  2:09  Drone  
  27  2:17  Metabolic Boost  
  27  2:29  Drone  
  29  2:30  Drone x2  
  29  2:34  Queen  
  32  2:38  Overlord, Drone  
  32  2:41  Drone  
  34  2:49  Overlord  
  34  2:52  Drone  
  34  2:58  Pneumatized Carapace  
  35  3:01  Drone  
  36  3:07  Drone x4  
  40  3:13  Drone x4  
  44  3:33  Hatchery  
  43  3:36  Roach Warren  
  43  3:39  Drone x3  
  45  3:52  Drone x7  
  49  4:03  Zergling x4  
  51  4:10  Extractor x2  
  47  4:18  Drone x4  
  51  4:27  Lair  
  51  4:29  Overlord  
  51  4:30  Evolution Chamber  
  50  4:31  Evolution Chamber  
  50  4:38  Overlord, Drone  
  49  4:39  Drone  
  51  4:47  Spore Crawler  
  49  4:54  Drone  
  49  4:56  Drone x7  
  49  4:59  Queen  
  57  5:08  Zerg Ground Armor Level 1, Zerg Melee Weapons Level 1  
  57  5:09  Drone  
  57  5:10  Drone  
  59  5:22  Drone x2  
  59  5:23  Roach x2  
  59  5:27  Overlord  
  65  5:32  Infestation Pit  
  64  5:39  Overlord  
  64  5:40  Drone  
  63  5:51  Drone  
  63  5:52  Drone  
  63  5:53  Drone x8  
  73  5:59  Extractor  
  72  6:07  Drone  
  72  6:08  Drone  
  72  6:11  Overlord x3  
  74  6:12  Drone x7  
  74  6:17  Hive  
  81  6:21  Extractor  
  81  6:22  Extractor  
  76  6:34  Infestor x3  
  76  6:38  Queen  
  84  6:41  Drone  
  84  6:42  Drone x9  
  84  6:44  Ravager x2  
  96  6:51  Drone x6  
  104  7:01  Roach  
  104  7:03  Hatchery  
  104  7:08  Queen  
  105  7:13  Zerg Melee Weapons Level 2  
  105  7:17  Overlord x3  
  105  7:18  Overlord  
  105  7:20  Overlord x2  
  105  7:36  Ultralisk Cavern  
  104  7:38  Roach  
  104  7:39  Roach x5  
  104  7:41  Ravager, Zergling x2  
  104  7:42  Zergling x14  
  125  7:44  Zerg Ground Armor Level 2  
  125  7:46  Zergling x8  
  129  7:55  Adrenal Glands  
  129  8:09  Overlord x2, Ravager x3  
  129  8:10  Zergling x2  
  129  8:11  Zergling x10  
  137  8:14  Ravager  
  137  8:25  Chitinous Plating  
  137  8:27  Zergling x14  
  138  8:28  Queen  
  146  8:35  Hatchery, Zergling x10, Spore Crawler  
  146  8:37  Spore Crawler  
  146  8:40  Ultralisk  
  154  8:47  Ultralisk  
  154  8:48  Overlord  
  160  8:49  Overlord x2  
  160  8:50  Overlord  
  160  8:59  Ultralisk  
  160  9:00  Zergling x6  
  169  9:14  Ravager x2  
  169  9:15  Zergling x20  
  129  9:42  Queen  
  129  9:45  Ultralisk x2, Zergling x2  
  124  9:46  Zergling x14  
  123  10:04  Spire  
  118  10:13  Drone x4  
  122  10:15  Spore Crawler  
  122  10:17  Queen, Drone  
  122  10:18  Drone x3  
  122  10:20  Queen  
  129  10:22  Spire  
  128  10:30  Drone x3  
  131  10:36  Overlord  
  131  10:42  Hatchery  
  124  10:53  Hatchery  
  121  10:57  Zerg Ground Armor Level 3, Zerg Melee Weapons Level 3  
  121  10:59  Drone x3  
  124  11:08  Ultralisk, Zergling x8  
  134  11:12  Zergling x4  
  134  11:13  Zergling x2  
  137  11:19  Baneling Nest  
  137  11:20  Corruptor  
  137  11:23  Corruptor  
  140  11:28  Corruptor  
  142  11:37  Corruptor x2  
  145  11:44  Zergling x16  
  145  11:45  Zergling x2  
  147  11:51  Overlord  
  148  11:59  Spore Crawler, Zergling x10  
  147  12:20  Queen  
  144  12:23  Zergling x2  
  144  12:24  Ultralisk, Hatchery, Zergling x8  
  144  12:26  Centrifical Hooks  
  152  12:33  Corruptor x2  
  152  12:36  Baneling x8  
  155  12:49  Corruptor x2, Pathogen Glands  
  156  13:02  Drone x3  
  142  13:20  Zergling x16  
  121  13:30  Infestor x4  
  112  13:46  Ultralisk  
  118  13:50  Queen  
  118  13:53  Hatchery  
  118  13:56  Baneling x7  
  118  14:09  Ultralisk  
  124  14:13  Ultralisk, Zergling x2  
  124  14:14  Zergling x6  
  134  14:23  Corruptor  
  130  14:43  Ultralisk, Zergling x4  
Show
View Real Time Build Order
Export as new Build Order

IllllllllllI Terran - Winner!

Build Orders: Liberator Opening, Reaper Expand, MMM Bio 

Get SALT Encoding   

  12  0:00  SCV  
  13  0:13  SCV  
  14  0:17  Supply Depot  
  14  0:25  SCV  
  15  0:38  SCV  
  15  0:40  Barracks  
  16  0:43  Refinery  
  16  0:51  SCV  
  17  1:03  SCV  
  18  1:15  SCV  
  19  1:27  Orbital Command, Reaper  
  20  1:39  Command Center  
  20  1:48  Supply Depot  
  20  1:52  SCV  
  21  1:59  Marine  
  22  2:04  Factory  
  22  2:06  SCV  
  23  2:13  Refinery  
  23  2:18  SCV  
  23  2:20  Barracks Reactor  
  24  2:30  SCV  
  25  2:42  SCV  
  26  2:50  Starport, Orbital Command  
  26  2:54  SCV  
  27  3:00  Hellion x2  
  31  3:06  SCV  
  31  3:09  Liberator  
  32  3:14  Barracks Tech Lab  
  32  3:19  SCV x2  
  34  3:21  Hellion x2  
  41  3:30  Supply Depot  
  41  3:31  SCV x2  
  43  3:36  Marine  
  43  3:39  Stimpack  
  44  3:43  SCV x2  
  46  3:52  Hellion x2  
  46  3:54  Marine  
  46  3:55  SCV x2  
  51  4:07  SCV x2  
  50  4:12  Marine  
  51  4:19  Viking, SCV x2  
  51  4:23  Command Center  
  51  4:31  Barracks  
  51  4:34  Marine  
  51  4:35  Factory Tech Lab, SCV x2  
  51  4:37  Barracks  
  54  4:39  Refinery  
  54  4:41  Refinery  
  54  4:50  Starport Reactor, Supply Depot  
  54  5:04  Supply Depot  
  54  5:05  Engineering Bay  
  54  5:07  Engineering Bay  
  54  5:10  Marine  
  54  5:11  Siege Tank, SCV x2  
  60  5:17  Barracks x2  
  60  5:23  SCV x2  
  60  5:24  Marine x2  
  60  5:28  Marine  
  64  5:34  Terran Infantry Armor Level 1, Terran Infantry Weapons Level 1, Starport Reactor  
  65  5:38  SCV  
  65  5:39  SCV  
  67  5:43  Orbital Command  
  67  5:49  Marine x4  
  70  5:54  SCV x2  
  73  5:57  Siege Tank  
  73  6:01  Marine  
  77  6:06  Orbital Command  
  77  6:07  Barracks Reactor x2  
  77  6:08  SCV  
  77  6:09  SCV  
  79  6:17  Medivac x2  
  83  6:18  Supply Depot  
  83  6:21  SCV x2  
  83  6:22  Marine x4  
  89  6:29  Supply Depot  
  89  6:31  SCV  
  89  6:32  Supply Depot  
  90  6:33  SCV  
  90  6:34  Marine  
  90  6:39  Marine  
  92  6:40  Marine x3  
  92  6:43  Supply Depot, SCV x2  
  92  6:44  Supply Depot  
  92  6:46  Armory  
  98  6:50  SCV  
  99  6:55  SCV x2  
  99  6:56  Combat Shields  
  99  6:57  Siege Tank  
  99  6:59  Marine x4  
  99  7:00  Marine  
  99  7:01  Marine x2  
  110  7:03  Marine  
  110  7:04  Marine  
  110  7:08  SCV x3  
  116  7:12  Supply Depot  
  116  7:14  Refinery x2  
  116  7:20  SCV x3  
  119  7:24  Medivac x2  
  123  7:31  Marine x8  
  123  7:32  Marine  
  132  7:37  Terran Infantry Weapons Level 2, Supply Depot  
  132  7:39  Terran Infantry Armor Level 2  
  132  7:44  SCV x3  
  134  7:48  Siege Tank  
  138  7:51  Terran Vehicle Weapons Level 1  
  138  7:52  Factory  
  138  7:59  Supply Depot  
  138  8:01  Supply Depot  
  138  8:02  Supply Depot  
  138  8:05  Marine x7  
  143  8:06  Marine  
  143  8:12  Medivac  
  148  8:17  Medivac  
  148  8:19  Marauder  
  148  8:21  Siege Tank  
  148  8:22  Marine  
  148  8:24  Marine x2  
  148  8:25  Marine x5  
  159  8:39  Factory Tech Lab  
  159  8:40  Factory Reactor  
  161  8:42  Command Center, Medivac  
  161  8:46  Marine x2  
  161  8:47  Marine x6, Medivac  
  161  8:48  Marauder  
  173  9:02  Supply Depot  
  173  9:03  Supply Depot x2  
  173  9:05  Starport  
  173  9:06  Widow Mine  
  175  9:16  Marine  
  175  9:17  Marine x4  
  182  9:24  Marauder  
  182  9:25  Marine x3  
  178  9:34  Marine x3  
  178  9:36  Marine  
  178  9:37  Liberator x2  
  149  9:40  Marine  
  149  9:43  Marine  
  135  9:46  Marine, Marauder  
  135  9:47  Marine  
  135  9:51  Widow Mine x2  
  135  9:52  Marine x3, Widow Mine  
  138  9:53  Starport Reactor  
  146  10:05  Marine x5  
  153  10:07  Marauder  
  153  10:10  Marine  
  153  10:13  Barracks x2  
  147  10:14  Terran Infantry Armor Level 3, Terran Infantry Weapons Level 3  
  147  10:15  Barracks  
  147  10:21  Liberator x2  
  147  10:22  Widow Mine x2  
  147  10:23  Widow Mine  
  147  10:25  Liberator  
  155  10:28  Marauder  
  155  10:29  Liberator  
  155  10:37  Marine x7  
  155  10:38  Marine  
  173  10:50  Marauder  
  165  10:57  Concussive Shells  
  163  11:10  Barracks Tech Lab  
  163  11:11  Marauder, Barracks Tech Lab x2  
  165  11:16  Starport  
  165  11:18  Fusion Core  
  165  11:19  Planetary Fortress, Factory Reactor  
  165  11:24  Marine x5  
  165  11:25  Marine x3  
  173  11:28  Refinery  
  173  11:32  Marauder x3  
  179  11:35  Refinery  
  179  11:45  Marine x4  
  179  11:48  Marine x4  
  179  11:49  Marine  
  181  11:58  Marauder x2  
  181  11:59  Marauder  
  187  12:08  Marine x5, Marauder  
  189  12:09  Marine x2  
  189  12:14  Marine  
  189  12:15  Liberator x2  
  192  12:20  Marauder x3  
  187  12:26  Marine x7  
  187  12:29  Marauder  
  192  12:32  Marine, Advanced Ballistics  
  199  12:41  Marine, Marauder  
  200  12:53  Armory, Terran Ship Weapons Level 1  
  200  12:58  Command Center  
  194  12:59  Marauder  
  195  13:12  Marauder x3  
  197  13:18  Marine  
  195  13:21  Marauder  
  195  13:22  Marine  
  195  13:26  Marine x2  
  176  13:33  Marauder x2, Liberator  
  176  13:34  Marine x2  
  146  13:42  Marine x3  
  146  13:44  Widow Mine, Medivac x4  
  146  13:45  Widow Mine x2  
  153  13:51  Widow Mine  
  153  13:52  Marine x3  
  157  13:56  Liberator  
  157  13:57  Liberator  
  157  14:01  Missile Turret  
  157  14:05  Marauder x3  
  163  14:13  Widow Mine x2  
  163  14:17  Marine x6  
  177  14:25  Marauder  
  177  14:26  Marauder  
  177  14:29  Marauder x2  
  177  14:30  Marine  
  181  14:32  Marine  
  175  14:45  Marine x2  
  159  14:46  Marine, Marauder  
  159  14:47  Marauder  
  159  14:50  Marine  
  159  14:51  Marine x4, Marauder x2  
  182  15:03  Marine x2  
  182  15:04  Marine  
  182  15:05  Missile Turret  
  185  15:08  Marine, Marauder  
Tags
 
Add a new tag
Caveats
  • Supply blocks, unpowered buildings, or Contaminate may cause inaccurate times.
  • Supply counts are checked every 10 seconds.